[Event "Titled Tuesday Blitz April 11 Early 2023"]
[White "Carrasco Miranda, Andres"]
[Black "Alahakoon, Isuru"]
[WhiteFideId "3405990"]
[BlackFideId "9900993"]
[WhiteElo "2183"]
[BlackElo "1995"]
[Result "1-0"]
[Round "11"]
[TimeControl "180+2"]
[Date "2023.04.11"]
[WhiteClock "0:00:01"]
[BlackClock "0:00:07"]

1. d4 d5 2. c4 e6 3. g3 Nf6 4. Bg2 Bb4+ 5. Nd2 O-O 6. Nf3 dxc4 7. O-O b5 8. a4 c6 9. Ne1 Qxd4 10. Nc2 Qd6 11. axb5 Bb7 12. Nxc4 Qc5 13. Nxb4 Qxc4 14. bxc6 Nxc6 15. Nd3 Rfd8 16. Bg5 Qb5 17. Bxf6 gxf6 18. Qc1 Nd4 19. Nf4 Bxg2 20. Kxg2 Nb3 21. Qc3 Nxa1 22. Rxa1 Qe5 23. Qf3 f5 24. Ra4 Rab8 25. e4 Rb7 26. exf5 Qxf5 27. g4 Qb5 28. Re4 Qb3 29. Re3 Qxb2 30. Nh5 Rb4 31. Nf6+ Kg7 32. g5 Rdd4 33. Qh5 Rh4 34. Qf3 Qd4 35. Ne8+ Kf8 36. Nf6 a5 37. Qa8+ Kg7 38. Qg8# 1-0


[Site "https://www.chess.com"]

[Event "Titled Tuesday Blitz April 11 Early 2023"]
[White "Chabris, Christopher"]
[Black "Golubev, Mikhail"]
[WhiteFideId "2005263"]
[BlackFideId "14100983"]
[WhiteElo "2274"]
[BlackElo "2374"]
[Result "0-1"]
[Round "11"]
[TimeControl "180+2"]
[Date "2023.04.11"]
[WhiteClock "0:00:04"]
[BlackClock "0:00:30"]

1. e4 g6 2. d4 Bg7 3. Nc3 d6 4. Be3 c6 5. Qd2 Nd7 6. h4 Ngf6 7. f3 h5 8. Nh3 b5 9. Ng5 a5 10. O-O-O Bb7 11. Be2 Qc7 12. f4 b4 13. Na4 c5 14. e5 Ne4 15. Nxe4 Bxe4 16. dxc5 dxe5 17. Bb5 Bc6 18. Bxc6 Qxc6 19. Qxd7+ Qxd7 20. Rxd7 Kxd7 21. Nb6+ Kc6 22. Nxa8 Rxa8 23. fxe5 Bxe5 24. Rf1 f6 25. Kd2 Rd8+ 26. Kc1 Bd4 27. Rf3 Bxe3+ 28. Rxe3 e5 29. c3 Kxc5 30. cxb4+ axb4 31. Rg3 e4 32. Rxg6 e3 33. Rg3 e2 34. Re3 Rd1+ 35. Kc2 e1=Q 0-1


[Site "https://www.chess.com"]

[Event "Titled Tuesday Blitz April 11 Early 2023"]
[White "Jiganchine, Roman"]
[Black "Krzywda, Andrzej"]
[WhiteFideId "2603667"]
[BlackFideId "1114565"]
[WhiteElo "2266"]
[BlackElo "2155"]
[Result "1/2-1/2"]
[Round "11"]
[TimeControl "180+2"]
[Date "2023.04.11"]
[WhiteClock "0:00:08"]
[BlackClock "0:00:05"]

1. e4 e5 2. Nf3 Nf6 3. Nc3 Bb4 4. Nxe5 O-O 5. Nd3 Bxc3 6. dxc3 Nxe4 7. Be2 Re8 8. O-O d6 9. Bf3 Nd7 10. Re1 Ndc5 11. Nxc5 Nxc5 12. Bg5 f6 13. Be3 Nd7 14. Bd5+ Kh8 15. f4 Nf8 16. Bf2 c6 17. Bf3 Rxe1+ 18. Qxe1 Bf5 19. Qd2 d5 20. a4 Qa5 21. g4 Be4 22. Be2 Ng6 23. h4 Qc7 24. Bg3 f5 25. h5 Ne7 26. g5 Qb6+ 27. Qd4 Qxd4+ 28. cxd4 Bxc2 29. a5 Be4 30. Rc1 Rc8 31. Bf2 Kg8 32. Kh2 Kf7 33. Kg3 Ke6 34. b4 a6 35. Be1 Rb8 36. Bc3 Nc8 37. Bb2 Nd6 38. Kf2 Rg8 39. Ke3 h6 40. Rg1 Kf7 41. g6+ Ke6 42. Bc3 Ne8 43. Be1 Nf6 44. Bh4 Ne8 45. Rc1 Nd6 46. Kd2 Rc8 47. Ke3 Nb5 48. Bxb5 axb5 49. Bf2 Ra8 50. Ra1 Ra6 51. Kd2 b6 52. Kc3 bxa5 53. Rxa5 Rxa5 54. bxa5 Kd7 55. Kb4 Kc7 56. Kc5 Bd3 57. Be1 Kb7 58. Bd2 Bc2 59. Bc3 Bb3 60. Bb4 Bc2 61. Bc3 Bb3 62. Bb4 Bc2 63. Bc3 1/2-1/2


[Site "https://www.chess.com"]

[Event "Titled Tuesday Blitz April 11 Early 2023"]
[White "Cupid, Kevin"]
[Black "Clawitter, Craig"]
[WhiteFideId "7700512"]
[BlackFideId "2023105"]
[WhiteElo "2124"]
[BlackElo "2263"]
[Result "1-0"]
[Round "11"]
[TimeControl "180+2"]
[Date "2023.04.11"]
[WhiteClock "0:01:40"]
[BlackClock "0:01:10"]

1. d4 e6 2. Nf3 Nf6 3. Bg5 c5 4. e3 Be7 5. Bd3 b6 6. O-O Bb7 7. Re1 O-O 8. a3 Nc6 9. Qe2 a6 10. Nbd2 cxd4 11. exd4 d6 12. Ne4 Nd5 13. Bd2 b5 14. Neg5 Bxg5 15. Nxg5 h6 16. Nxe6 Qh4 17. Nxf8 Nxd4 18. Qe4 Qxe4 19. Rxe4 Nf5 20. Nd7 Rd8 21. Rae1 Rxd7 22. Re8+ Kh7 23. Bxf5+ 1-0


[Site "https://www.chess.com"]

[Event "Titled Tuesday Blitz April 11 Early 2023"]
[White "Barwinska, Ewa"]
[Black "Alice, Mateus Felizardo Viageiro"]
[WhiteFideId "21833761"]
[BlackFideId "14800047"]
[WhiteElo "1908"]
[BlackElo "2189"]
[Result "1-0"]
[Round "11"]
[TimeControl "180+2"]
[Date "2023.04.11"]
[WhiteClock "0:00:07"]
[BlackClock "0:00:48"]

1. e4 c5 2. Nf3 d6 3. d4 cxd4 4. Nxd4 Nf6 5. Nc3 a6 6. Bg5 e6 7. f4 Be7 8. Qf3 Nbd7 9. O-O-O Qc7 10. g4 b5 11. Bxf6 Nxf6 12. g5 Nd7 13. f5 Bxg5+ 14. Kb1 Ne5 15. Qh5 Bf6 16. Nxe6 Bxe6 17. fxe6 g6 18. exf7+ Kxf7 19. Qh3 Kg7 20. Nd5 Qd8 21. Be2 Rf8 22. Qa3 Bg5 23. h4 Bxh4 24. Qh3 g5 25. Rdg1 Ng6 26. Qc3+ Kh6 27. Ne3 Rf4 28. Nf5+ Rxf5 29. exf5 Nf4 30. Bf3 Rc8 31. Qd4 Rc4 32. Qd2 Qf6 33. Rg4 Qxf5 34. Qxd6+ Ng6 35. Rxc4 Qxf3 36. Rcxh4+ gxh4 37. Rxh4+ Kg5 38. Qd8+ Kf5 39. Qd7+ Kg5 40. Qd8+ Kf5 41. Rd4 Nf4 42. Qd7+ Kg5 43. Qg7+ Kf5 44. Qf7+ Ke5 45. Qg7+ Kf5 46. Qd7+ Ke5 47. Rd1 Nd5 48. Qg7+ Kd6 49. Qh6+ Kc5 50. Qd2 b4 51. Qd4+ Kc6 52. Qc4+ Kd6 53. Qxa6+ Ke5 54. Qf1 Qe4 55. Re1 Ne3 56. Qe2 Kf4 57. Rf1+ Ke5 58. Re1 Kf4 59. Kc1 b3 60. Rf1+ Ke5 61. Re1 bxa2 62. Kd2 Nc4+ 63. Kc3 Qxe2 64. Rxe2+ Kd5 65. Re1 Ne3 66. b3 Kc5 67. Ra1 Nd5+ 68. Kb2 Nb4 69. c3 Nd3+ 70. Kc2 Nf2 71. Rxa2 h5 72. Ra5+ Kb6 73. Rxh5 Ne4 74. Rh6+ Kc7 75. c4 Nc5 76. Rh7+ Kc6 77. b4 Ne4 78. Rh6+ Kc7 79. Kd3 Nd6 80. Rh7+ Kc6 81. Rh6 Kc7 82. b5 Nb7 83. Kd4 Nd6 84. b6+ Kd7 85. Rxd6+ Kxd6 86. c5+ Kc6 87. Kc4 Kb7 88. Kd5 Kb8 89. Kc6 Kc8 90. Kd6 Kb8 91. Kd7 Kb7 92. c6+ 1-0


[Site "https://www.chess.com"]

[Event "Titled Tuesday Blitz April 11 Early 2023"]
[White "Inepton_Fermion"]
[Black "Schuh, Karsten"]
[BlackFideId "4637950"]
[WhiteElo "2326"]
[BlackElo "2138"]
[Result "1/2-1/2"]
[Round "11"]
[TimeControl "180+2"]
[Date "2023.04.11"]
[WhiteClock "0:00:13"]
[BlackClock "0:01:08"]

1. e4 c5 2. Nf3 Nc6 3. d4 cxd4 4. Nxd4 Qc7 5. Nc3 e6 6. Be3 Nf6 7. Ndb5 Qb8 8. f4 a6 9. Nd4 Bb4 10. Nxc6 bxc6 11. Bd3 a5 12. O-O d5 13. e5 Nd7 14. a3 Be7 15. Qg4 g6 16. Na4 Ba6 17. c4 Bxc4 18. Bxc4 dxc4 19. Rac1 Qb5 20. Nc3 Qxb2 21. Ne4 O-O 22. h4 h5 23. Qf3 Qxa3 24. Ra1 Qb3 25. Rfb1 Qc2 26. Rc1 Qb3 27. Rab1 Qa4 28. Nc3 Qa3 29. Ra1 Qb2 30. Rab1 Qa3 31. Ra1 Qb2 32. Rab1 Qa3 1/2-1/2


[Site "https://www.chess.com"]

[Event "Titled Tuesday Blitz April 11 Early 2023"]
[White "Ambrogi, Agustin"]
[Black "Albuquerque Junior,Wellington S."]
[WhiteFideId "170933"]
[BlackFideId "2151480"]
[WhiteElo "2214"]
[BlackElo "2109"]
[Result "1-0"]
[Round "11"]
[TimeControl "180+2"]
[Date "2023.04.11"]
[WhiteClock "0:00:13"]
[BlackClock "0:00:01"]

1. e4 c5 2. Nc3 d6 3. f4 g6 4. Nf3 Bg7 5. Bc4 Nh6 6. O-O O-O 7. d3 e6 8. Ng5 Nc6 9. Bb3 Na5 10. Qf3 Rb8 11. g4 d5 12. f5 c4 13. f6 Bxf6 14. Qxf6 Qxf6 15. Rxf6 cxb3 16. axb3 Nc6 17. h3 Nb4 18. Nxe6 Bxe6 19. Bxh6 Rfd8 20. exd5 Bxd5 21. Rxa7 Nxc2 22. Rb6 Bc6 23. Bf4 Ra8 24. Rxa8 Rxa8 25. Be5 Ne3 26. d4 Nd5 27. Nxd5 Bxd5 28. Rd6 Bxb3 29. Rd7 Be6 30. Rxb7 Rd8 31. Kf2 h6 32. Rb8 Rxb8 33. Bxb8 Kf8 34. Ke3 Ke7 35. Ke4 Bc8 36. d5 Kd7 37. Ke5 Bb7 38. Ba7 Ke7 39. Bc5+ Kd7 40. Be3 h5 41. gxh5 gxh5 42. h4 Ke7 43. Bg5+ Kd7 44. b4 Ba6 45. Bf6 Bc4 46. d6 Be6 47. Be7 Kc6 48. Kf6 1-0


[Site "https://www.chess.com"]

[Event "Titled Tuesday Blitz April 11 Early 2023"]
[White "rionelG"]
[Black "Rose, Felix"]
[BlackFideId "5105722"]
[WhiteElo "2182"]
[BlackElo "2039"]
[Result "0-1"]
[Round "11"]
[TimeControl "180+2"]
[Date "2023.04.11"]
[WhiteClock "0:02:49"]
[BlackClock "0:02:36"]

1. e4 e6 2. d3 d5 3. Nd2 Nc6 4. g3 Nf6 5. Bg2 Bc5 6. Ngf3 dxe4 7. dxe4 e5 8. O-O a5 9. c3 O-O 10. a4 h6 11. h3 Be6 12. Re1 Qd3 13. Bf1 Qd7 0-1


[Site "https://www.chess.com"]

[Event "Titled Tuesday Blitz April 11 Early 2023"]
[White "Prudnykova, Olga"]
[Black "MANOJ_MISHRA123"]
[WhiteFideId "14121093"]
[WhiteElo "2113"]
[BlackElo "2117"]
[Result "0-1"]
[Round "11"]
[TimeControl "180+2"]
[Date "2023.04.11"]
[WhiteClock "0:00:06"]
[BlackClock "0:00:03"]

1. e4 Nf6 2. Nc3 d5 3. exd5 Nxd5 4. Bc4 c6 5. Qf3 Nf6 6. Nge2 Bg4 7. Qg3 e6 8. d3 h5 9. h3 h4 10. Qe3 Bf5 11. Nd4 Bc5 12. Nce2 Nd5 13. Qg5 Qxg5 14. Bxg5 Bg6 15. a3 Nd7 16. O-O-O Bh5 17. f3 f6 18. Bd2 e5 19. Nb3 Be3 20. Bxd5 Bxd2+ 21. Rxd2 cxd5 22. d4 Rc8 23. Re1 Bf7 24. dxe5 fxe5 25. Nf4 d4 26. Nxd4 O-O 27. Nfe6 exd4 28. Nxf8 Nxf8 29. Rxd4 g5 30. Re5 Ne6 31. Rde4 Rc6 32. c3 Kg7 33. Rb4 b6 34. Re2 Kf6 35. Rd2 Nf4 36. Rbd4 Be6 37. Kd1 Rc5 38. Ke1 Re5+ 39. Kf2 Rb5 40. b4 a5 41. c4 Re5 42. bxa5 Rxa5 43. Rd6 Rxa3 44. Rxb6 Nd3+ 45. Ke3 Nf4+ 46. Kd4 Ra4 47. Rc6 Kf5 48. Rc2 Kf6 49. Rc5 Kf7 50. Rc7+ Kf6 51. Rc6 Ra1 52. Rb6 Rd1+ 53. Kc5 Nd3+ 54. Kb5 Rb1+ 55. Kc6 Rd1 56. Rb7 Ne5+ 57. Kc7 Nxc4 58. Rb4 Ne5 59. Rb5 Rd7+ 60. Kb6 Rd6+ 61. Ka5 Nc4+ 62. Kb4 Ne5 63. Rcc5 Nd3+ 64. Kc3 Nxc5 65. Rxc5 Rd5 66. Rc6 Rd1 67. Kc2 Rg1 68. Kd3 Rxg2 69. Ke3 Rg3 70. Rc5 Rxh3 71. Kf2 Rg3 72. Rb5 Rh3 73. Rb1 Rh2+ 74. Ke3 Rg2 75. Rh1 h3 76. f4 g4 77. Ke4 g3 78. Kf3 Bd5+ 79. Ke3 h2 80. f5 Re2+ 0-1


[Site "https://www.chess.com"]

[Event "Titled Tuesday Blitz April 11 Early 2023"]
[White "Qashashvili, Alexandre"]
[Black "Jaivardhan Raj"]
[WhiteFideId "13600842"]
[BlackFideId "25744437"]
[WhiteElo "2405"]
[BlackElo "1772"]
[Result "1/2-1/2"]
[Round "11"]
[TimeControl "180+2"]
[Date "2023.04.11"]
[WhiteClock "0:01:01"]
[BlackClock "0:00:48"]

1. e4 c5 2. Nc3 Nc6 3. Nf3 e6 4. Bc4 a6 5. a3 b5 6. Ba2 Bb7 7. d3 Qc7 8. O-O Nf6 9. g3 Be7 10. Bf4 d6 11. Re1 e5 12. Be3 O-O 13. Nd5 Nxd5 14. Bxd5 Nd4 15. Bxb7 Qxb7 16. c3 Nxf3+ 17. Qxf3 f5 18. Kg2 fxe4 19. Qxe4 d5 20. Qxe5 d4+ 21. Kg1 dxe3 22. Rxe3 Bf6 23. Qxc5 Rac8 24. Qh5 Qb6 25. d4 a5 26. Rae1 b4 27. axb4 axb4 28. Qd5+ Kh8 29. Qd7 Rcd8 30. Re8 Kg8 31. Rxd8 Qxd8 32. Qe6+ Kh8 33. Qc4 bxc3 34. bxc3 h6 35. Qd3 Bg5 1/2-1/2


[Site "https://www.chess.com"]

[Event "Titled Tuesday Blitz April 11 Early 2023"]
[White "Rian, Kapriaga"]
[Black "Tarnowska, Aleksandra"]
[WhiteFideId "7103263"]
[BlackFideId "1180967"]
[WhiteElo "2300"]
[BlackElo "1776"]
[Result "1-0"]
[Round "11"]
[TimeControl "180+2"]
[Date "2023.04.11"]
[WhiteClock "0:00:09"]
[BlackClock "0:00:08"]

1. d4 d5 2. Bf4 Nf6 3. e3 e6 4. c4 c5 5. Nc3 cxd4 6. exd4 Bd6 7. Bg5 dxc4 8. Bxc4 Nc6 9. Nf3 h6 10. Bh4 a6 11. O-O O-O 12. d5 Na5 13. Be2 exd5 14. Nxd5 Bxh2+ 15. Kxh2 Qxd5 16. Bxf6 Qxd1 17. Rfxd1 gxf6 18. Rd6 Kg7 19. Nd4 Re8 20. Rc1 Re5 21. Bf3 Be6 22. b4 Nc4 23. Nxe6+ Rxe6 24. Rxe6 fxe6 25. Rxc4 Rb8 26. Rc7+ Kg6 27. Rxb7 Rd8 28. Rb6 Rd2 29. Rxa6 Rxf2 30. a4 e5 31. b5 Kg5 32. b6 f5 33. b7 Rb2 34. Ra8 e4 35. b8=Q Rxb8 36. Rxb8 exf3 37. gxf3 Kf4 38. Kg2 h5 39. Kf2 h4 40. a5 h3 41. a6 Kg5 42. a7 h2 43. Kg2 Kf4 44. Kxh2 Ke3 45. Rf8 Kf2 46. Rxf5 Kf1 47. a8=Q Kf2 48. Qa2+ Kf1 49. Qb1+ Kf2 50. Qc2+ Kf1 51. Qg2+ Ke1 52. Re5+ Kd1 53. Qe2+ Kc1 54. Rc5+ Kb1 55. Qc2+ Ka1 56. Ra5# 1-0


[Site "https://www.chess.com"]

[Event "Titled Tuesday Blitz April 11 Early 2023"]
[White "Necula, Iulian"]
[Black "Zou, Brendan"]
[WhiteFideId "1232380"]
[BlackFideId "3221296"]
[WhiteElo "1790"]
[BlackElo "1852"]
[Result "1/2-1/2"]
[Round "11"]
[TimeControl "180+2"]
[Date "2023.04.11"]
[WhiteClock "0:01:33"]
[BlackClock "0:00:26"]

1. d4 Nf6 2. Nc3 e6 3. Bf4 a6 4. a3 d5 5. e3 Bd6 6. Nf3 Bxf4 7. exf4 Nc6 8. Qd2 Ne4 9. Nxe4 dxe4 10. Ng5 Qxd4 11. O-O-O Qxd2+ 12. Rxd2 f5 13. Bc4 Ke7 14. Rhd1 h6 15. Nh3 Rd8 16. Rxd8 Nxd8 17. a4 Nc6 18. c3 Bd7 19. b4 Rd8 20. f3 exf3 21. gxf3 Bc8 22. Re1 Kf6 23. Kc2 Ne7 24. Nf2 Nd5 25. Nd3 Bd7 26. a5 Ba4+ 27. Kb2 Bc6 28. Ne5 Rd6 29. Nd3 Rd8 30. h4 Rd6 31. h5 g6 32. hxg6 Kxg6 33. Rg1+ Kf6 34. Rh1 Kg6 35. Rg1+ Kf6 36. Rh1 Kg6 37. Rg1+ 1/2-1/2


[Site "https://www.chess.com"]

[Event "Titled Tuesday Blitz April 11 Early 2023"]
[White "Ciuffoletti, Paolo"]
[Black "Grave, Jacob Templen"]
[WhiteFideId "807630"]
[BlackFideId "1542656"]
[WhiteElo "2143"]
[BlackElo "2189"]
[Result "1-0"]
[Round "11"]
[TimeControl "180+2"]
[Date "2023.04.11"]
[WhiteClock "0:00:22"]
[BlackClock "0:00:01"]

1. e4 e5 2. Nf3 Nc6 3. Bc4 Nf6 4. d4 exd4 5. Ng5 d5 6. exd5 Na5 7. Qe2+ Qe7 8. O-O Qxe2 9. Bxe2 Nxd5 10. Bd2 Nc6 11. Re1 Be7 12. Bc4 Be6 13. Nxe6 fxe6 14. Rxe6 Nb6 15. Bb3 O-O-O 16. Na3 Bxa3 17. bxa3 d3 18. cxd3 Rxd3 19. Be3 Nd4 20. Bxd4 Rxd4 21. Rae1 a5 22. Re7 a4 23. Be6+ Kb8 24. Rxg7 Re8 25. Rg8 Rdd8 26. Rxe8 Rxe8 27. f4 Nd5 28. f5 Nf4 29. g3 Nxe6 30. fxe6 c6 31. Kf2 Kc7 32. Re4 b5 33. Rh4 Re7 34. Rh6 Kd6 35. Kf3 Kd5 36. g4 c5 37. h4 b4 38. Rh5+ Kd4 39. axb4 cxb4 40. Ra5 a3 41. Rb5 Kc3 42. Rb6 Kc4 43. Kf4 Kc5 44. Ra6 Kb5 45. Rd6 b3 46. Rd3 b2 47. Rb3+ Kc4 48. Kf5 1-0


[Site "https://www.chess.com"]

[Event "Titled Tuesday Blitz April 11 Early 2023"]
[White "Einarsson, Halldor Gretar"]
[Black "Szyszylo, Rafal"]
[WhiteFideId "2300150"]
[BlackFideId "1109626"]
[WhiteElo "2142"]
[BlackElo "1951"]
[Result "0-1"]
[Round "11"]
[TimeControl "180+2"]
[Date "2023.04.11"]
[WhiteClock "0:00:01"]
[BlackClock "0:00:10"]

1. d4 g6 2. c4 Nf6 3. f3 d6 4. e4 Bg7 5. Nc3 Nfd7 6. Be3 e5 7. Nge2 Bh6 8. Qd2 Bxe3 9. Qxe3 O-O 10. O-O-O a6 11. h4 Nc6 12. h5 Nf6 13. hxg6 fxg6 14. dxe5 Nxe5 15. Nf4 c6 16. c5 b5 17. Rxd6 Qe7 18. Qd4 Ne8 19. Re6 Bxe6 20. Qxe5 Ng7 21. Nd3 Qf7 22. Qd6 Bxa2 23. Nxa2 Qxa2 24. Kc2 Qc4+ 25. Kb1 Rfd8 26. Ne5 Qe6 27. Qxe6+ Nxe6 28. Nxc6 Rd1+ 29. Kc2 Ra1 30. b4 Re8 31. f4 Kg7 32. f5 Nf4 33. g3 Nh5 34. Bg2 Rxh1 35. Bxh1 Nxg3 36. Bf3 gxf5 37. exf5 Nxf5 38. Kd3 Re3+ 39. Kd2 Rxf3 40. Ne5 Rb3 41. c6 Nd6 42. Nd3 Ra3 43. c7 Kf8 44. Ne5 Ke7 45. Nc6+ Kd7 0-1


[Site "https://www.chess.com"]

[Event "Titled Tuesday Blitz April 11 Early 2023"]
[White "Vifleemskaia, Svetlana"]
[Black "Munro, Allan"]
[WhiteFideId "4129490"]
[BlackFideId "7700245"]
[WhiteElo "1930"]
[BlackElo "2084"]
[Result "1-0"]
[Round "11"]
[TimeControl "180+2"]
[Date "2023.04.11"]
[WhiteClock "0:02:17"]
[BlackClock "0:00:57"]

1. d4 d5 2. c4 c6 3. cxd5 cxd5 4. Bf4 Nf6 5. Nc3 Nc6 6. e3 a6 7. Bd3 Bg4 8. Nge2 e6 9. f3 Bh5 10. O-O Be7 11. Rc1 O-O 12. Na4 Nd7 13. a3 Bg6 14. b4 Bxd3 15. Qxd3 Nb6 16. Nxb6 Qxb6 17. Nc3 Rfc8 18. Rfd1 Na7 19. Na4 Qb5 20. Qxb5 Nxb5 21. Nb6 Rxc1 22. Rxc1 Re8 23. a4 Bd8 24. axb5 Bxb6 25. bxa6 bxa6 26. Rc6 Ba7 27. Rxa6 1-0


[Site "https://www.chess.com"]

[Event "Titled Tuesday Blitz April 11 Early 2023"]
[White "Cramling Bellon, Anna"]
[Black "Matveeva, Olga"]
[WhiteFideId "32009232"]
[BlackFideId "24107018"]
[WhiteElo "1972"]
[BlackElo "2056"]
[Result "0-1"]
[Round "11"]
[TimeControl "180+2"]
[Date "2023.04.11"]
[WhiteClock "0:00:01"]
[BlackClock "0:00:07"]

1. d4 Nf6 2. c4 c5 3. d5 b5 4. cxb5 a6 5. Nc3 g6 6. e4 d6 7. Bd2 Bg7 8. a4 O-O 9. Nf3 e6 10. Be2 exd5 11. exd5 axb5 12. axb5 Bb7 13. Rxa8 Bxa8 14. Bg5 h6 15. Bh4 Nbd7 16. O-O Re8 17. Re1 Qa5 18. Bg3 Bf8 19. Nd2 Nxd5 20. Bc4 Rxe1+ 21. Qxe1 Nxc3 22. Nb3 Qd8 23. Qxc3 d5 24. Be2 d4 25. Qc4 Nb6 26. Qc2 Qd5 27. Bf3 Qe6 28. h3 Bxf3 29. gxf3 Qxh3 30. Nxc5 Nd5 31. Ne4 Qf5 32. Qc4 Nb4 33. Qxd4 Qxf3 34. Nf6+ Kh8 35. Nh5+ Kg8 36. Nf6+ Kh8 37. Nd5+ Bg7 38. Qxb4 Qxd5 39. Qe1 Qxb5 40. Qe2 Qxe2 0-1


[Site "https://www.chess.com"]

[Event "Titled Tuesday Blitz April 11 Early 2023"]
[White "Winkels, Marcel"]
[Black "Warchol, Kamil"]
[WhiteFideId "1003887"]
[BlackFideId "21858241"]
[WhiteElo "1900"]
[BlackElo "2017"]
[Result "1-0"]
[Round "11"]
[TimeControl "180+2"]
[Date "2023.04.11"]
[WhiteClock "0:00:12"]
[BlackClock "0:00:03"]

1. d4 Nf6 2. Nc3 d5 3. Bf4 c5 4. e4 e6 5. Nb5 Na6 6. e5 Nd7 7. c3 Be7 8. Nf3 f6 9. Be2 O-O 10. O-O fxe5 11. Bxe5 Nxe5 12. Nxe5 Nc7 13. Nxc7 Qxc7 14. Bd3 Bd6 15. f4 g6 16. Qg4 Qg7 17. Rae1 Be7 18. h4 Bf6 19. h5 gxh5 20. Qxh5 c4 21. Bc2 b5 22. a3 a5 23. Rf3 Ra7 24. Kh2 Bxe5 25. Rxe5 Kh8 26. Rg5 Qf7 27. Qh6 Qf6 28. Qh4 Raf7 29. g3 Rg7 30. Rxg7 Qxg7 31. Re3 Rg8 32. Re5 Bd7 33. Rg5 Qe7 34. Rxg8+ Kxg8 35. Qxe7 1-0


[Site "https://www.chess.com"]

[Event "Titled Tuesday Blitz April 11 Early 2023"]
[White "Kiseleva, Arina"]
[Black "Lohani, Sujana"]
[WhiteFideId "4164989"]
[BlackFideId "12311987"]
[WhiteElo "1708"]
[BlackElo "1718"]
[Result "0-1"]
[Round "11"]
[TimeControl "180+2"]
[Date "2023.04.11"]
[WhiteClock "0:00:03"]
[BlackClock "0:00:05"]

1. d4 b6 2. Nf3 Bb7 3. c4 g6 4. Bf4 Bg7 5. Nc3 d6 6. e3 e6 7. h4 h5 8. Be2 Nd7 9. Qc2 Ngf6 10. O-O-O Qe7 11. Nb5 Nf8 12. Rhg1 a6 13. Nc3 O-O-O 14. d5 exd5 15. Nxd5 Nxd5 16. cxd5 Nd7 17. Qa4 Nc5 18. Qc2 Rhe8 19. Bg5 f6 20. Bf4 Ne4 21. Bd3 Bxd5 22. Bxa6+ Bb7 23. Bxb7+ Kxb7 24. Nd4 Qd7 25. f3 Nc5 26. Qxg6 f5 27. Qxf5 Qa4 28. Kb1 Ra8 29. Qd5+ Kb8 30. Nc6+ Kc8 31. Nd4 Kb8 32. a3 Kc8 33. Qc6 Bxd4 34. Qxa4 Nxa4 35. Rxd4 Nc5 36. Rgd1 Nb3 37. Rd5 Nc5 38. Rxh5 Rg8 39. g4 Kb7 40. Rh7 Kc6 41. Rc1 Kb5 42. b4 Nd3 43. Rc3 Nxf4 44. exf4 Rgf8 45. Rh5+ c5 46. bxc5 dxc5 47. Rb3+ Kc4 48. Rxb6 Rxf4 49. Rf5 Rd4 50. Kc2 Rxa3 51. h5 Ra2+ 52. Rb2 Ra3 53. h6 Rc3+ 54. Kb1 Rd1+ 55. Ka2 Rcc1 56. Ka3 Ra1+ 57. Ra2 Rd3+ 58. Ka4 Rxa2# 0-1


[Site "https://www.chess.com"]

[Event "Titled Tuesday Blitz April 11 Early 2023"]
[White "Semenova, Alina"]
[Black "Larina, Maria"]
[WhiteFideId "24113875"]
[BlackFideId "24113182"]
[WhiteElo "1833"]
[BlackElo "1848"]
[Result "0-1"]
[Round "11"]
[TimeControl "180+2"]
[Date "2023.04.11"]
[WhiteClock "0:01:18"]
[BlackClock "0:00:58"]

1. e4 c6 2. d4 d5 3. exd5 cxd5 4. Bd3 Nc6 5. c3 e5 6. f3 exd4 7. Bb5 dxc3 8. Nxc3 d4 9. Ne4 Qa5+ 10. Nc3 dxc3 11. Qe2+ Be7 12. Bxc6+ bxc6 13. Kd1 Bf5 14. bxc3 Rd8+ 15. Bd2 Qxc3 16. Rc1 Qa3 17. Qc4 Qd6 18. Qxc6+ Qxc6 19. Rxc6 Bb4 0-1


[Site "https://www.chess.com"]

[Event "Titled Tuesday Blitz April 11 Early 2023"]
[White "Vargas, Mauricio"]
[Black "Kornyukov, Alexey"]
[WhiteFideId "4404572"]
[BlackFideId "4150457"]
[WhiteElo "1998"]
[BlackElo "2352"]
[Result "0-1"]
[Round "11"]
[TimeControl "180+2"]
[Date "2023.04.11"]
[WhiteClock "0:00:16"]
[BlackClock "0:00:18"]

1. e4 c5 2. Nc3 Nc6 3. f4 e6 4. Nf3 d5 5. Bb5 d4 6. Bxc6+ bxc6 7. Ne2 Be7 8. d3 Nf6 9. O-O O-O 10. Qe1 Nd7 11. e5 Nb6 12. b3 Nd5 13. Nd2 Ne3 14. Ne4 Nxc2 15. Qd1 Nxa1 16. Ba3 Ba6 17. Bxc5 Bb5 18. a4 Ba6 19. Rf3 Bxc5 20. Nxc5 Qd5 21. Nxa6 Nxb3 22. Nc7 Qa5 23. Nxa8 Nd2 24. Rg3 Rb8 25. Nc7 Rb1 26. Nc1 Nb3 27. Kf2 Rxc1 28. Qxb3 Qd2+ 29. Kf3 Rf1+ 30. Kg4 Qxf4+ 31. Kh3 Qh6+ 32. Kg4 Rf4# 0-1


[Site "https://www.chess.com"]

[Event "Titled Tuesday Blitz April 11 Early 2023"]
[White "Akhmetov, Ayan"]
[Black "Rosh Jain"]
[WhiteFideId "13703706"]
[BlackFideId "25789465"]
[WhiteElo "2398"]
[BlackElo "2233"]
[Result "1-0"]
[Round "11"]
[TimeControl "180+2"]
[Date "2023.04.11"]
[WhiteClock "0:00:22"]
[BlackClock "0:00:01"]

1. Nf3 d5 2. g3 Nf6 3. Bg2 e6 4. c4 c5 5. O-O d4 6. e3 Nc6 7. exd4 cxd4 8. d3 e5 9. Re1 Bd6 10. Na3 O-O 11. Nc2 Bf5 12. a3 Re8 13. b4 a6 14. Bg5 h6 15. Bxf6 Qxf6 16. Nd2 Bxd3 17. Ne4 Bxe4 18. Bxe4 Rab8 19. c5 Bc7 20. a4 Ne7 21. b5 axb5 22. axb5 b6 23. c6 Nc8 24. Nb4 Nd6 25. Nd5 Qd8 26. Qd3 f5 27. Bxf5 e4 28. Bxe4 Nxe4 29. Nxc7 Qxc7 30. Rxe4 Rxe4 31. Qxe4 Rd8 32. Qe6+ Kh8 33. Rd1 d3 34. Rd2 Qb8 35. Qe7 Qc8 36. Qe4 Re8 37. Qxd3 Qh3 38. Re2 Ra8 39. Re1 h5 40. c7 Rc8 41. Qd8+ Kh7 42. Re8 Qg4 43. Qd3+ Kh6 44. Rxc8 Qxc8 45. Qd2+ Kh7 46. Qd3+ Kh6 47. Qd8 Qg4 48. c8=Q Qe4 49. Qc6+ 1-0


[Site "https://www.chess.com"]

[Event "Titled Tuesday Blitz April 11 Early 2023"]
[White "dDobravcan"]
[Black "Do Nascimento,Christian Almeida"]
[BlackFideId "2143801"]
[WhiteElo "2137"]
[BlackElo "2125"]
[Result "0-1"]
[Round "11"]
[TimeControl "180+2"]
[Date "2023.04.11"]
[WhiteClock "0:00:01"]
[BlackClock "0:00:14"]

1. e4 e6 2. d3 d5 3. Nd2 Nc6 4. Ngf3 dxe4 5. dxe4 e5 6. Bc4 h6 7. c3 Nf6 8. O-O Bd6 9. a4 O-O 10. a5 a6 11. Qb3 Rb8 12. Re1 Qe7 13. Nh4 Nxe4 14. Rxe4 Kh7 15. Nhf3 f5 16. Re1 e4 17. Nf1 Qf6 18. N3d2 Ne5 19. Be2 Be6 20. Qc2 Qe7 21. Ng3 Rf6 22. Ndxe4 fxe4 23. Qxe4+ Kh8 24. f4 Nc6 25. Bd3 g6 26. Bd2 Rbf8 27. c4 Kg8 28. Bc3 Bf5 29. Qxe7 Nxe7 30. Bxf5 Rxf5 31. Nxf5 Nxf5 32. g3 h5 33. Re6 Ne7 34. Rae1 Kf7 35. b4 Ng8 36. c5 Be7 37. Bb2 Rd8 38. Bc3 Rd3 39. R1e3 Rd1+ 40. Kg2 Rc1 41. Kf3 Rc2 42. R6e4 Rxh2 43. f5 gxf5 44. Rf4 Nh6 45. Re5 Bg5 46. Rexf5+ Nxf5 47. Rxf5+ Kg6 48. Re5 Rc2 49. Re6+ Kf7 50. Re5 Rxc3+ 51. Ke4 Bf6 0-1


[Site "https://www.chess.com"]